 Dungeon Crawl Stone Soup version 0.20-a0-939-g04f5055 (webtiles) character file.

6868 esteth the Grappler (level 10, -16/107 HPs)
             Began as a Troll Monk on Mar 29, 2017.
             Was a High Priest of Wu Jian.
             Shot with an arrow by a centaur warrior (19 damage)
             ... on level 9 of the Dungeon on Mar 30, 2017.
             The game lasted 00:20:45 (6695 turns).

esteth the Grappler (Troll Monk)                    Turns: 6695, Time: 00:20:46

Health: -16/107    AC:  6    Str: 21    XL:     10   Next: 78%
Magic:  0/9        EV: 11    Int:  6    God:    Wu Jian [*****.]
Gold:   391        SH:  0    Dex: 15    Spells: 7/9 levels left

rFire    + . .     SeeInvis .     - Unarmed
rCold    + . .     Gourm    +   (no shield)
rNeg     . . .     Faith    .   a - +0 robe
rPois    .         Spirit   +   (helmet restricted)
rElec    .         Reflect  .   l - scarf {rC+ rF+}
rCorr    .         Harm     .   (gloves unavailable)
MR       +....                  (boots unavailable)
Stlth    ++........             L - amulet of guardian spirit
Regen    0.7/turn               k - +1 ring of protection
MPRegen  0.2/turn               m - ring of protection from magic (curse)

@: no status effects
A: unfitting armour, claws 3, fast metabolism 3, gourmand, regeneration 1,
shaggy fur 1, tough skin 2
a: Serpent's Lash, Heaven On Earth, Renounce Religion


You were on level 9 of the Dungeon.
You worshipped Wu Jian.
Wu Jian was extremely pleased with you.
You were very full.

You visited 2 branches of the dungeon, and saw 10 of its levels.

You collected 391 gold pieces.

Inventory:

Armour
 a - a +0 robe (worn)
 l - a scarf of resistance (worn)
Jewellery
 k - a +1 ring of protection (left claw)
 m - a cursed ring of protection from magic (right claw)
 o - an uncursed amulet of the gourmand
 t - an uncursed ring of protection from cold
 L - an amulet of guardian spirit (around neck)
 N - an uncursed ring of protection from cold
Wands
 B - a wand of confusion (22/48)
 G - a wand of confusion (28/48)
 O - a wand of flame (29/48)
 Q - a wand of lightning (6/15)
Scrolls
 c - a scroll of enchant armour {unknown}
 d - 5 scrolls of magic mapping {unknown}
 e - 16 scrolls of identify {unknown}
 h - 5 scrolls of immolation {unknown}
 j - 6 scrolls of remove curse {unknown}
 q - a scroll of fear {unknown}
 x - a scroll of noise {unknown}
 y - 3 scrolls of teleportation {unknown}
 z - 2 scrolls of enchant weapon {unknown}
 C - a scroll of fog {unknown}
Potions
 g - 5 potions of curing {unknown}
 i - 4 potions of cancellation {unknown}
 p - a potion of brilliance {unknown}
 r - a potion of resistance {unknown}
 s - a potion of lignification {unknown}
 u - a potion of might {unknown}
 v - a potion of magic {unknown}
 A - 3 potions of degeneration {unknown}
 D - a potion of agility {unknown}
 H - a potion of berserk rage {unknown}
 I - a potion of flight {unknown}
 K - a potion of haste {unknown}
 M - 2 potions of ambrosia {unknown}
Books
 w - a book of Changes

   Spells                             Type                      Level
   a - Beastly Appendage              Transmutation                1
   b - Sticks to Snakes               Transmutation                2
   c - Spider Form                    Transmutation/Poison         3
   d - Ice Form                       Ice/Transmutation            4
   e - Blade Hands                    Transmutation                5
 E - a book of Frost

   Spells                             Type                      Level
   a - Freeze                         Ice                          1
   b - Throw Frost                    Conjuration/Ice              2
   c - Ozocubu's Armour               Charms/Ice                   3
   d - Throw Icicle                   Conjuration/Ice              4
   e - Summon Ice Beast               Ice/Summoning                4
 J - a book of Air

   Spells                             Type                      Level
   a - Shock                          Conjuration/Air              1
   b - Swiftness                      Charms/Air                   2
   c - Static Discharge               Conjuration/Air              3
   d - Airstrike                      Air                          4
   e - Lightning Bolt                 Conjuration/Air              5
Comestibles
 b - 8 bread rations
 f - 3 meat rations
 n - 2 royal jellies
 F - 8 fruits


   Skills:
 - Level 9.1 Fighting
 - Level 2.4 Dodging
 - Level 1.0 Stealth
 + Level 12.9 Unarmed Combat


You had 7 spell levels left.
You knew the following spells:

 Your Spells              Type           Power        Failure   Level  Hunger
a - Sticks to Snakes      Tmut           #.......     77%         2    ###....


Dungeon Overview and Level Annotations

Branches:
Dungeon (9/15)             Temple (0/1) D:6            Lair (1/6) D:8
    Orc: D:9-12

Altars:
Dithmenos
Hepliaklqana
Okawaru
Ru
Sif Muna
Trog
Vehumet
Wu Jian
Zin

Shops:
D:6 !


Innate Abilities, Weirdness & Mutations

You are too large for most types of armour.
You have claws for hands.
Your metabolism is lightning-fast.
You like to eat raw meat.
Your natural rate of healing is unusually fast.
You are covered in fur. (AC +1)
You have very tough skin. (AC +2)


Message History

As you close the door, it creaks loudly!
An adder skeleton comes into view.
Something unseen opens the door.
The centaur warrior shoots an arrow.
The arrow hits you!!
* * * LOW HITPOINT WARNING * * *
x2 You see here an arrow.
You feel much better.
The centaur warrior shoots an arrow.
The arrow hits you!!
* * * LOW HITPOINT WARNING * * *
x2 You feel much better.
The centaur warrior shoots an arrow.
The arrow hits you!!
* * * LOW HITPOINT WARNING * * *
x2
Okay, then.
Evoke which item? (* to show all) (? for menu, Esc to quit)
Aiming: Confuse (will waste charges)
Press: ? - help, Shift-Dir - straight line, f - centaur warrior
Aim: a centaur warrior, wielding a longbow of velocity (chance to defeat MR: 28%)
The centaur warrior easily resists.
Evoking this partially-identified wand wasted a few charges.
The centaur warrior shoots an arrow.
The arrow barely misses you.
The centaur warrior shoots an arrow.
The arrow hits you!!
You die...

+...(.......#...#.#
#####..(["..#+###...#.#
#......([...#.......#.# .
#....8.(....#.......#.# ..
#......(..8.#...(...#.#######
...#######c#...#...#####........
..........(#...#...#><..........
...........#...#...#....########
...........#...#@..#<...#
#+######...#####...#....#
#...Zc..(...#....#
#......c....+....#
#...........####.# #############
#.#


You could see a centaur warrior.

Vanquished Creatures
  A two-headed ogre (D:8)
  An unseen horror (D:9)
  Pikel (D:6)
  2 komodo dragons (Lair:1)
  Grinder (D:6)
  2 hippogriffs
  A yak (D:8)
  A basilisk (D:8)
  Eustachio (D:6)
  Grum (D:8)
  Edmund (D:6)
  2 water moccasins (Lair:1)
  Duvessa (D:4)
  A porcupine (Lair:1)
  An orc warrior (D:8)
  2 ice beasts
  A phantom (D:6)
  2 sky beasts
  2 ogres (D:8)
  2 wolves (D:8)
  3 centaurs (D:5)
  2 crocodiles
  2 big kobolds (D:8)
  Blork the orc (D:6)
  5 bullfrogs
  Dowan (D:4)
  A scorpion (D:8)
  A water moccasin skeleton (D:7)
  4 killer bees (D:8)
  3 howler monkeys
  A quasit (D:6)
  3 bullfrog zombies
  A bullfrog skeleton (D:8)
  3 hounds
  A jelly (D:9)
  2 orc wizards (D:8)
  A centaur skeleton (D:6)
  2 iguanas
  3 worker ants
  A hound skeleton (D:7)
  2 howler monkey zombies
  A worker ant zombie (D:5)
  4 gnolls (D:2)
  8 river rats (D:5)
  13 adders
  3 shadow imps
  An ooze (D:3)
  2 adder skeletons
  An adder zombie (D:7)
  2 worms
  2 dart slugs
  5 leopard geckos
  14 orcs
  2 ball pythons
  2 giant cockroaches
  14 goblins
  10 hobgoblins
  12 kobolds
  6 quokkas
  6 bats
  4 frilled lizards
  A jackal zombie (D:5)
  A leopard gecko zombie (D:5)
  15 rats
  A butterfly (D:6)
200 creatures vanquished.

Vanquished Creatures (others)
  Menkaure (D:6)
  2 slaves (D:6)
  A centaur (D:6)
  A shadow imp (D:6)
5 creatures vanquished.

Grand Total: 205 creatures vanquished

Notes
Turn   | Place    | Note
-------+----------+-------------------------------------------
     0 | D:1      | esteth the Troll Monk began the quest for the Orb.
     0 | D:1      | Reached XP level 1. HP: 22/22 MP: 0/0
   218 | D:1      | Reached XP level 2. HP: 29/29 MP: 1/1
   651 | D:1      | Reached skill level 4 in Unarmed Combat
   685 | D:1      | Reached XP level 3. HP: 33/36 MP: 2/2
   863 | D:2      | Found a bloodstained altar of Trog.
   964 | D:2      | Reached skill level 5 in Unarmed Combat
   964 | D:2      | Reached XP level 4. HP: 41/44 MP: 3/3
  1367 | D:2      | Found a radiant altar of Vehumet.
  1368 | D:2      | Found an ornate altar of the Wu Jian Council.
  1373 | D:2      | Became a worshipper of the Wu Jian Council
  1373 | D:2      | Reached * piety under Wu Jian
  1373 | D:2      | Reached ** piety under Wu Jian
  1501 | D:3      | Found a shadowy altar of Dithmenos.
  1506 | D:3      | Found a glowing silver altar of Zin.
  1506 | D:3      | Found a deep blue altar of Sif Muna.
  1510 | D:3      | Reached XP level 5. HP: 50/50 MP: 4/4
  1782 | D:3      | Learned a level 2 spell: Sticks to Snakes
  2135 | D:4      | Noticed Duvessa
  2135 | D:4      | Noticed Dowan
  2160 | D:4      | Killed Duvessa
  2160 | D:4      | Reached skill level 6 in Unarmed Combat
  2190 | D:4      | Killed Dowan
  2190 | D:4      | Reached skill level 7 in Unarmed Combat
  2190 | D:4      | Reached XP level 6. HP: 59/59 MP: 5/5
  2453 | D:4      | Found a hazy altar of Hepliaklqana.
  2846 | D:5      | Entered Level 5 of the Dungeon
  2922 | D:5      | Reached skill level 8 in Unarmed Combat
  2922 | D:5      | Reached XP level 7. HP: 51/66 MP: 6/6
  3343 | D:5      | Found a bloodstained altar of Trog.
  3613 | D:5      | Reached *** piety under Wu Jian
  3677 | D:5      | Reached skill level 5 in Fighting
  3870 | D:6      | Found Xuwasyunn's Distillery.
  3894 | D:6      | Reached XP level 8. HP: 72/80 MP: 7/7
  3902 | D:6      | Noticed Blork the orc
  3919 | D:6      | Killed Blork the orc
  4059 | D:6      | Noticed Eustachio
  4065 | D:6      | Killed Eustachio
  4084 | D:6      | Noticed Grinder
  4093 | D:6      | Killed Grinder
  4094 | D:6      | Upgraded the game from 0.20-a0-927-g1ae2c61 to 0.20-a0-939-g04f5055
  4241 | D:6      | Noticed Pikel
  4241 | D:6      | Noticed Menkaure
  4254 | D:6      | Killed Pikel
  4254 | D:6      | Reached XP level 9. HP: 66/97 MP: 8/8
  4263 | D:6      | Killed Menkaure
  4427 | D:6      | Found a staircase to the Ecumenical Temple.
  4515 | D:6      | Noticed Edmund
  4535 | D:6      | Killed Edmund
  4561 | D:6      | Reached **** piety under Wu Jian
  4562 | D:6      | Found an iron altar of Okawaru.
  5128 | D:8      | Reached skill level 9 in Unarmed Combat
  5265 | D:8      | Reached skill level 10 in Unarmed Combat
  5400 | D:8      | Found a staircase to the Lair.
  5435 | D:8      | Reached ***** piety under Wu Jian
  5435 | D:8      | Reached XP level 10. HP: 69/107 MP: 5/9
  5563 | D:8      | Noticed Grum
  5569 | D:8      | Killed Grum
  5591 | D:8      | Reached skill level 11 in Unarmed Combat
  5608 | D:8      | Found a sacrificial altar of Ru.
  5899 | D:8      | Noticed a two-headed ogre
  5908 | D:8      | Killed a two-headed ogre
  6117 | Lair:1   | Entered Level 1 of the Lair of Beasts
  6146 | Lair:1   | Reached skill level 12 in Unarmed Combat
  6378 | Lair:1   | Noticed a seven-headed hydra
  6608 | D:9      | Killed an unseen horror
  6675 | D:9      | Noticed a centaur warrior
  6694 | D:9      | HP: 2/107 [centaur warrior/arrow (6)]
  6695 | D:9      | Shot with an arrow by a centaur warrior

Vault maps used:
D:1:      evilmike_arrival_plus
D:2:      nicolae_overflow_crystal_walls, gammafunk_temple_overflow_statue,
          minmay_octomino_j4
D:3:      grunt_temple_overflow_open, grunt_decor_clamped
D:4:      marbit_many_paths, uniq_duvessa
D:5:      lemuel_ratsnest, first_bread, trog_hazing_becter
D:6:      lemuel_coloured_pillars_altar, minmay_temple_entry_butterflies,
          serial_shops, nicolae_shop_waterfront, uniq_eustachio, uniq_edmund,
          uniq_blork_the_orc, uniq_pikel, uniq_menkaure, uniq_grinder
D:7:      serial_glass, glass_columns_c, glass_columns_c, feat_on_display,
          due_unseen_surprise, item_on_display_a, minmay_strange_pillars
D:8:      david_lair_generic, basic_altar, uniq_grum
D:9:      kennysheep_blocky_room, lemuel_doored_altar, the_bakery
Lair:1:   grunt_megastairs_1

Skill      XL: |  1  2  3  4  5  6  7  8  9 10 |
---------------+-------------------------------+-----
Unarmed Combat | 4 5 7 8 10 12 | 12.9
Fighting       | 5 8 9 |  9.1
Dodging        | |  2.4
Stealth        | |  1.0

Action                   |  1- 3 |  4- 6 |  7- 9 | 10-12 || total
-------------------------+-------+-------+-------+-------++-------
Melee: Unarmed           |    60 |   120 |   367 |    95 ||   642
       Punch             |       |     3 |    15 |     3 ||    21
Invok: Serpent's Lash    |       |       |       |     1 ||     1
Evoke: Wand              |       |       |       |     2 ||     2
  Use: Potion            |       |       |     2 |     2 ||     4
 Stab: Sleeping          |     1 |     3 |     2 |     3 ||     9
  Eat: Chunk             |    14 |    16 |    23 |    12 ||    65
Armor: Robe              |    22 |    32 |   128 |    23 ||   205
Dodge: Dodged            |    20 |    53 |   150 |    43 ||   266
